 Dungeon Crawl Stone Soup version 0.23.0-38-g208d714 (webtiles) character file.

Game seed: 5824876480484833390

403 havocjr2 the Ducker (level 6, -1/53 HPs)
             Began as a Gnoll Monk on Feb 27, 2019.
             Slain by a shadow imp (5 damage)
             ... on level 5 of the Dungeon.
             The game lasted 00:24:44 (3268 turns).

havocjr2 the Ducker (Gnoll Monk)                    Turns: 3268, Time: 00:24:45

Health: -1/53      AC: -15   Str: 13    XL:     6   Next: 86%
Magic:  7/9        EV: 17    Int: 15    God:
Gold:   110        SH:  0    Dex: 17    Spells: 4/9 levels left

rFire    . . .     SeeInvis .   e - +2 short sword (venom)
rCold    . . .     Gourm    .   (no shield)
rNeg     . . .     Faith    .   b - +0 robe
rPois    .         Spirit   .   (no helmet)
rElec    .         Reflect  .   k - +1 cloak
rCorr    .         Harm     .   (no gloves)
MR       .....                  (no boots)
Stlth    +++.......             z - amulet of regeneration
HPRegen  0.57/turn              j - ring of wizardry
MPRegen  0.11/turn              (no ring)

@: lethally poisoned (-1 -> -2), marked, corroded, invisible
A: distributed training, fangs 1, strong nose
a: no special abilities


You were on level 5 of the Dungeon.
You were not hungry.

You visited 2 branches of the dungeon, and saw 6 of its levels.

You collected 149 gold pieces.
You spent 39 gold pieces at shops.

Inventory:

Hand Weapons
 a - a +0 falchion
 e - a +2 short sword of venom (weapon)
 o - a +0 whip of pain
 B - a +2 hunting sling of velocity
Missiles
 d - 139 stones
 m - 17 bolts
 r - 4 javelins (quivered)
 C - a throwing net
 E - a tomahawk
 F - 8 arrows
Armour
 b - a +0 robe (worn)
 i - a +0 ring mail
 k - a +1 cloak (worn)
 x - a +0 chain mail
Jewellery
 j - a ring of wizardry (left hand)
 y - an uncursed ring of ice
 z - an amulet of regeneration (around neck)
Wands
 s - a wand of flame (9)
Scrolls
 g - 9 scrolls of identify
 q - 2 scrolls of enchant weapon {unknown}
 t - 2 scrolls of teleportation
 v - 3 scrolls of amnesia {unknown}
 w - a scroll of immolation {unknown}
 D - 2 scrolls of remove curse
Potions
 l - a potion of brilliance {unknown}
 n - a potion of agility {unknown}
 p - a potion of resistance {unknown}
 u - a potion of flight {unknown}
 A - a potion of might {unknown}
Comestibles
 c - 7 rations


   Skills:
 + Level 6.9 Fighting
 + Level 2.1 Short Blades
 + Level 6.9 Long Blades
 + Level 2.1 Axes
 + Level 2.1 Maces & Flails
 + Level 2.1 Polearms
 + Level 2.1 Staves
 + Level 2.1 Slings
 + Level 2.1 Bows
 + Level 2.1 Crossbows
 + Level 2.1 Throwing
 + Level 2.1 Armour
 + Level 6.9 Dodging
 + Level 4.7 Stealth
 + Level 2.1 Shields
 + Level 2.1 Unarmed Combat
 + Level 2.1 Spellcasting
 + Level 1.6 Conjurations
 + Level 1.6 Hexes
 + Level 1.6 Charms
 + Level 1.6 Summonings
 + Level 1.6 Necromancy
 + Level 1.6 Translocations
 + Level 1.6 Transmutations
 + Level 1.6 Fire Magic
 + Level 1.6 Ice Magic
 + Level 1.6 Air Magic
 + Level 1.6 Earth Magic
 + Level 1.6 Poison Magic
 + Level 2.3 Invocations
 + Level 2.1 Evocations


You had 4 spell levels left.
You knew the following spells:

 Your Spells              Type           Power        Failure   Level  Hunger
a - Call Imp              Summ           #.......     7%          2    ###....
b - Mephitic Cloud        Conj/Pois/Air  #.......     13%         3    ###....

Your spell library contained the following spells:

 Spells                   Type           Power        Failure   Level  Hunger
 Magic Dart               Conj           #...         4%          1    #......
 Blink                    Tloc           N/A          7%          2    ###....
 Slow                     Hex            #.......     7%          2    ###....
 Conjure Flame            Conj/Fire      #.......     13%         3    ###....


Dungeon Overview and Level Annotations

Branches:
Dungeon (5/15)             Temple (1/1) D:4

Altars:
Ashenzari
Cheibriados
Dithmenos
Elyvilon
Gozag
Makhleb
Okawaru
Ru
Wu Jian
Xom
The Shining One

Shops:
D:4 ?*


Innate Abilities, Weirdness & Mutations

Your experience applies equally to all skills.
You have very sharp teeth.
Your uncanny sense of smell can sniff out nearby items.


Message History

The jackal bites your crimson imp. The shadow imp gestures at you.
You barely resist. The worker ant bites you.
* * * LOW HITPOINT WARNING * * *
Your crimson imp completely misses the shadow imp.
You feel better.
The jackal closely misses your crimson imp.
A jackal comes into view.
The worker ant bites you!
* * * LOW HITPOINT WARNING * * *
You are poisoned.
The worker ant poisons you! The shadow imp hits you.
* * * LOW HITPOINT WARNING * * *
Your crimson imp closely misses the shadow imp.
It was a potion of invisibility.
You fade into invisibility!
You feel sick.
A jackal comes into view.
The worker ant barely misses you. The shadow imp hits you.
You die...

# .... . .
.#####..#
.#..
.......#....
#.....#..# .
#....hh.
...#...#h#
......!hZ#
####..5#a#
#..(5@#
##.#### #.
#. ∆∆ #


You could see a worker ant, a shadow imp, 4 jackals, a bullfrog skeleton and a
friendly crimson imp.

Vanquished Creatures
  A scorpion (D:4)
  A jelly (D:5)
  An orc wizard (D:3)
  An orc priest (D:4)
  2 worker ants (D:4)
  An iguana (D:4)
  3 gnolls (D:2)
  7 adders
  2 oozes
  An adder skeleton (D:4)
  A worm (D:2)
  4 dart slugs
  A leopard gecko (D:4)
  3 orcs
  A ball python (D:1)
  6 giant cockroaches
  4 hobgoblins
  2 jackals (D:4)
  A quokka (D:4)
  6 bats
  4 frilled lizards
  8 goblins
  7 kobolds
  6 rats
74 creatures vanquished.

Vanquished Creatures (collateral kills)
  A worker ant (D:4)
  A dart slug (D:4)
  A ball python (D:4)
3 creatures vanquished.

Grand Total: 77 creatures vanquished

Notes
Turn   | Place    | Note
-------+----------+-------------------------------------------
     0 | D:1      | havocjr2 the Gnoll Monk began the quest for the Orb.
     0 | D:1      | Reached XP level 1. HP: 23/23 MP: 1/1
   298 | D:1      | Reached XP level 2. HP: 29/29 MP: 2/2
   715 | D:1      | Reached XP level 3. HP: 35/35 MP: 3/3
  1050 | D:2      | Reached skill level 1 in Invocations
  1582 | D:2      | Reached skill level 1 in Short Blades
  1582 | D:2      | Reached skill level 1 in Axes
  1582 | D:2      | Reached skill level 1 in Maces & Flails
  1582 | D:2      | Reached skill level 1 in Polearms
  1582 | D:2      | Reached skill level 1 in Staves
  1582 | D:2      | Reached skill level 1 in Slings
  1582 | D:2      | Reached skill level 1 in Bows
  1582 | D:2      | Reached skill level 1 in Crossbows
  1582 | D:2      | Reached skill level 1 in Throwing
  1582 | D:2      | Reached skill level 1 in Armour
  1582 | D:2      | Reached skill level 1 in Shields
  1582 | D:2      | Reached skill level 1 in Unarmed Combat
  1582 | D:2      | Reached skill level 1 in Spellcasting
  1582 | D:2      | Reached skill level 1 in Evocations
  1582 | D:2      | Reached XP level 4. HP: 41/41 MP: 5/5
  1688 | D:2      | Reached skill level 1 in Conjurations
  1688 | D:2      | Reached skill level 1 in Hexes
  1688 | D:2      | Reached skill level 1 in Charms
  1688 | D:2      | Reached skill level 1 in Summonings
  1688 | D:2      | Reached skill level 1 in Necromancy
  1688 | D:2      | Reached skill level 1 in Translocations
  1688 | D:2      | Reached skill level 1 in Transmutations
  1688 | D:2      | Reached skill level 1 in Fire Magic
  1688 | D:2      | Reached skill level 1 in Ice Magic
  1688 | D:2      | Reached skill level 1 in Air Magic
  1688 | D:2      | Reached skill level 1 in Earth Magic
  1688 | D:2      | Reached skill level 1 in Poison Magic
  1700 | D:2      | Found a glowing golden altar of the Shining One.
  1912 | D:3      | Reached XP level 5. HP: 47/47 MP: 6/6
  1971 | D:3      | Found a shimmering altar of Xom.
  2019 | D:3      | Found a shadowy altar of Dithmenos.
  2492 | D:4      | Found a staircase to the Ecumenical Temple.
  2537 | Temple   | Entered the Ecumenical Temple
  2767 | D:4      | Found Xisuqomi's Magic Scroll Shoppe.
  2775 | D:4      | Bought a scroll of teleportation for 39 gold pieces
  2859 | D:3      | Reached XP level 6. HP: 47/53 MP: 8/8
  2863 | D:3      | Learned a level 2 spell: Call Imp
  2946 | D:4      | Found Oblis's Assorted Antiques.
  2977 | D:4      | Learned a level 3 spell: Mephitic Cloud
  3247 | D:5      | Entered Level 5 of the Dungeon
  3268 | D:5      | Slain by a shadow imp

Skill      XL: |  1  2  3  4  5  6 |
---------------+-------------------+-----
Invocations    | 1 2 |  2.3
Short Blades   | 1 2 |  2.1
Axes           | 1 2 |  2.1
Maces & Flails | 1 2 |  2.1
Polearms       | 1 2 |  2.1
Staves         | 1 2 |  2.1
Slings         | 1 2 |  2.1
Bows           | 1 2 |  2.1
Crossbows      | 1 2 |  2.1
Throwing       | 1 2 |  2.1
Armour         | 1 2 |  2.1
Shields        | 1 2 |  2.1
Unarmed Combat | 1 2 |  2.1
Spellcasting   | 1 2 |  2.1
Evocations     | 1 2 |  2.1
Conjurations   | 1 |  1.6
Hexes          | 1 |  1.6
Charms         | 1 |  1.6
Summonings     | 1 |  1.6
Necromancy     | 1 |  1.6
Translocations | 1 |  1.6
Transmutations | 1 |  1.6
Fire Magic     | 1 |  1.6
Ice Magic      | 1 |  1.6
Air Magic      | 1 |  1.6
Earth Magic    | 1 |  1.6
Poison Magic   | 1 |  1.6
Fighting       | |  6.9
Long Blades    | |  6.9
Dodging        | |  6.9
Stealth        | |  4.7

Action                   |  1- 3 |  4- 6 || total
-------------------------+-------+-------++-------
Melee: Falchion          |     9 |       ||     9
       Short sword       |    52 |    83 ||   135
       Bite              |     6 |    14 ||    20
       Punch             |       |     1 ||     1
Throw: Stone             |    42 |     4 ||    46
       Javelin           |     4 |    28 ||    32
 Cast: Call Imp          |       |     6 ||     6
  Use: Scroll            |     5 |       ||     5
       Potion            |       |     3 ||     3
 Stab: Sleeping          |     3 |     5 ||     8
       Distracted        |     1 |       ||     1
  Eat: Chunk             |     2 |     6 ||     8
Armor: Robe              |    12 |    10 ||    22
Dodge: Dodged            |    48 |    65 ||   113
       Rpst.: Falchion   |     1 |       ||     1
